 Dungeon Crawl Stone Soup version 0.28-a0-1493-g08698888e4 (webtiles) character file.

Game seed: 8071768517568400982

43 parzival7114810 the Skirmisher (level 3, -1/33 HPs)
             Began as a Hill Orc Fighter on Jan 12, 2022.
             Slain by a gnoll (4 damage)
             ... on level 3 of the Dungeon.
             The game lasted 00:04:49 (1983 turns).

parzival7114810 the Skirmisher (Hill Orc Fighter)   Turns: 1983, Time: 00:04:50

Health: -1/33      AC:  7    Str: 20    XL:     3   Next: 58%
Magic:  3/3        EV:  9    Int:  8    God:
Gold:   97         SH:  4    Dex: 10    Spells: 2/2 levels left

rFire   . . .      SeeInvis .   a - +0 war axe
rCold   . . .      Faith    .   c - +0 buckler
rNeg    . . .      Spirit   .   b - +0 scale mail
rPois   .          Reflect  .   (no helmet)
rElec   .          Harm     .   (no cloak)
rCorr   .          Rampage  .   (no gloves)
Will    .....                   (no boots)
Stlth   ..........              (no amulet)
HPRegen 0.11/turn               (no ring)
MPRegen 0.08/turn               (no ring)

@: no status effects
A: no striking features
a: no special abilities


You were on level 3 of the Dungeon.
You visited 1 branch of the dungeon, and saw 3 of its levels.

You collected 97 gold pieces.

Inventory:

Hand Weapons
 a - a +0 war axe (weapon)
Armour
 b - a +0 scale mail (worn)
 c - a +0 buckler (worn)
Scrolls
 f - a scroll of torment
Potions
 d - a potion of might
 e - a potion of magic {unknown}


   Skills:
 + Level 4.0 Fighting
 + Level 3.2 Axes
 + Level 3.8 Armour
 + Level 0.5 Dodging
 + Level 3.8 Shields


You had 2 spell levels left.
You didn't know any spells.
Your spell library contained the following spells:

 Spells                   Type           Power      Damage    Failure   Level
 Apportation              Tloc           0%         N/A       85%         1
 Portal Projectile        Hex/Tloc       0%         N/A       99%         3
 Alistair's Intoxication  Tmut/Pois      0%         N/A       100%        5
 Blade Hands              Tmut           0%         N/A       100%        5
 Excruciating Wounds      Necr           0%         N/A       100%        5


Dungeon Overview and Level Annotations

Branches:
Dungeon (3/15)

Altars:

Shops:
D:3 *


Message History

You closely miss the hobgoblin.
The hobgoblin hits you but does no damage.
The gnoll barely misses you. The hobgoblin barely misses you.
A gnoll comes into view. It is wielding a +0 club.
You hit the hobgoblin.
The hobgoblin is moderately wounded.
The gnoll hits you from afar with a +0 halberd!
You block the hobgoblin's attack. The gnoll closely misses you.
You barely miss the hobgoblin.
The hobgoblin is moderately wounded.
The hobgoblin hits you. The gnoll barely misses you.
The hobgoblin hits you but does no damage.
You slash the hobgoblin!
You kill the hobgoblin!
You slash the gnoll! The gnoll closely misses you.
The gnoll hits you from afar with a +0 halberd.
Your Fighting skill increases to level 4!
You block the gnoll's attack.
You see here a ring of ice.
The gnoll hits you with a +0 flail! The gnoll closely misses you.
The gnoll hits you from afar with a +0 halberd.
* * * LOW HITPOINT WARNING * * *
The gnoll closely misses you. The gnoll barely misses you.
The gnoll closely misses you. The gnoll hits you with a +0 flail.
* * * LOW HITPOINT WARNING * * *
The gnoll hits you with a +0 club.
* * * LOW HITPOINT WARNING * * *
The gnoll closely misses you. You block the gnoll's attack.
The gnoll hits you but does no damage. The gnoll barely misses you.
The gnoll hits you with a +0 club.
* * * LOW HITPOINT WARNING * * *
The gnoll completely misses you.
You slash the gnoll!
The gnoll is severely wounded.
You hit the gnoll. You barely miss the gnoll.
The gnoll hits you with a +0 flail.
You die...

#. ... ......... #.
#.# #.......#
#.###.# #......##
..##.###.......#
#.##...=........
#.##.....##.....
####.....##....:.##
##.....gg##.....#...
#...#..g@..........
#...##..............
#...##..............
#...##..............
#....#...#.#........
#..........#....
#...##..#......#
######..........
#....#....


You could see 3 gnolls.

Vanquished Creatures
  A dart slug (D:1)
  9 ball pythons
  6 endoplasms (D:1)
  A giant cockroach (D:1)
  2 goblins
  4 hobgoblins
  4 jackals (D:1)
  A bat (D:1)
  2 frilled lizards (D:1)
  2 kobolds (D:1)
  6 rats (D:1)
38 creatures vanquished.

Notes
Turn   | Place    | Note
-------+----------+-------------------------------------------
     0 | D:1      | parzival7114810 the Hill Orc Fighter began the quest for
                  | the Orb.
     0 | D:1      | Reached XP level 1. HP: 19/19 MP: 1/1
   227 | D:1      | Found a faded altar of an unknown god.
   529 | D:1      | Reached XP level 2. HP: 23/27 MP: 2/2
   838 | D:1      | Reached XP level 3. HP: 33/33 MP: 3/3
  1873 | D:3      | Found Meimozet's Assorted Antiques.
  1971 | D:3      | Reached skill level 4 in Fighting
  1983 | D:3      | Slain by a gnoll

Illustrated notes

Levels and vault maps discovered:
D:1:      lightli_iron_boxes, layout_loops_ring,
          chequers_ecumenical_altar_simple_redux, minmay_pentomino_q2
D:2:      layout_basic, item_on_display_b
D:3:      cheibrodos_fertilizer, layout_rooms, serial_shops, shop,
          ebering_ghost_inner_flame

Skill      XL: |  1  2  3 |
---------------+----------+-----
Axes           | 3 |  3.2
Fighting       | 4 |  4.0
Armour         | |  3.8
Dodging        | |  0.5
Shields        | |  3.8

Action                   || total
-------------------------++-------
Melee: War axe           ||    87
  Use: Scroll            ||     4
Armor: Scale mail        ||    43
Dodge: Dodged            ||    68
Block: Buckler           ||    20

Table legend: (Time is in decaauts)
 A = Elapsed time spent in this place.
 B = Non-inter-level travel time spent in this place.
 C = Inter-level travel time spent in this place.
 D = Time resting spent in this place.
 E = Time spent auto-exploring this place.
 F = Levels seen in this place.
 G = Mean time per level.
                   A        B        C        D        E       F      G
               +--------+--------+--------+--------+--------+-----+--------+
         Total |   2017 |   2002 |     15 |    644 |    839 |   3 |  672.3 |
       Dungeon |   2017 |   2002 |     15 |    644 |    839 |   3 |  672.3 |
               +--------+--------+--------+--------+--------+-----+--------+

Top non-repeatable levels by time:
     D:1: 1603 daAuts
     D:2: 299 daAuts
     D:3: 114 daAuts
